 Dungeon Crawl Stone Soup version 0.27.0-1-g7a089689b8 (webtiles) character file.

Game seed: 9432257790367017921

74597 mhtbhm the Warrior (level 15, -1/146 HPs)
             Began as a Yellow Draconian Berserker on Aug 7, 2021.
             Was the Champion of Trog.
             Slain by a naga warrior (6 damage)
             ... on level 1 of the Snake Pit.
             The game lasted 00:32:11 (24153 turns).

mhtbhm the Warrior (Yellow Draconian Berserker)    Turns: 24153, Time: 00:32:11

Health: -1/146     AC: 22    Str: 25    XL:     15   Next: 7%
Magic:  15/15      EV: 13    Int: 10    God:    Trog [******]
Gold:   828        SH: 10    Dex: 12    Spells: 14/14 levels left

rFire    . . .     SeeInvis .   a - +8 whip of Okawaru {speed, Int+3}
rCold    . . .     Faith    .   t - +0 buckler
rNeg     . . .     Spirit   .   (armour unavailable)
rPois    .         Reflect  +   (helmet restricted)
rElec    .         Harm     .   I - +0 cloak {Will+}
rCorr    +         Rampage  .   E - +0 pair of gloves of Qaex {rCorr}
Will     ++...                  P - +2 pair of boots
Stlth    ++........             O - amulet of reflection
HPRegen  0.34/turn              y - ring of the Tortoise {AC+8}
MPRegen  0.14/turn              z - +4 ring of slaying

@: lethally poisoned (-1 -> -7), on berserk cooldown, slowed, constricted, very
slow
A: spit acid, AC +9, unfitting armour, acidic bite, cold-blooded, acid
resistance
a: Breathe Acid, Renounce Religion, Berserk, Trog's Hand, Brothers in Arms


You were on level 1 of the Snake Pit.
You worshipped Trog.
Trog was exalted by your worship.
You visited 3 branches of the dungeon, and saw 16 of its levels.
You also visited: Sewer and Gauntlet.

You collected 1010 gold pieces.
You spent 182 gold pieces at shops.

Inventory:

Hand Weapons
 a - the +8 whip of Okawaru (weapon) {speed, Int+3}
   (You found it on level 6 of the Dungeon)

   Attacks with this weapon are significantly faster.
   Int:       It affects your intelligence (+3).
 K - the +8 storm bow {elec, penet}
   (You took it off a minotaur in a Gauntlet)

   Any ammunition fired from it occasionally discharges a powerful burst of
   electricity upon striking a foe.
   Any ammunition fired by it passes through the targets it hits, potentially
   hitting all targets in its path until it reaches maximum range.
Missiles
 d - 8 curare-tipped darts (quivered)
 G - a throwing net
 L - 10 silver javelins
Armour
 t - a +0 buckler (worn)
 E - the +0 pair of gloves of Qaex (worn) {rCorr}
   (You found it in a Gauntlet)

   rCorr:     It protects you from acid and corrosion.
 I - a +0 cloak of willpower (worn)
 P - a +2 pair of boots (worn)
Jewellery
 n - the ring of Vehumet's Inspiration {rPois EV+4 Str-3 Stlth+}
   (You found it in a Gauntlet)

   [ring of evasion]

   EV:        It affects your evasion (+4).
   Str:       It affects your strength (-3).
   rPois:     It protects you from poison.
   Stlth:     It makes you more stealthy.
 y - the ring of the Tortoise (left hand) {AC+8}
   (You took it off a minotaur in a Gauntlet)

   [ring of protection]

   AC:        It affects your AC (+8).
 z - a +4 ring of slaying (right hand)
 C - a ring of protection from cold
 J - a +6 ring of strength
 O - an amulet of reflection (around neck)
 S - a ring of flight
 T - the ring of Gijy {rN+ Str+2 Dex+6}
   (You found it on level 6 of the Lair of Beasts)

   [ring of positive energy]

   Str:       It affects your strength (+2).
   Dex:       It affects your dexterity (+6).
   rN:        It protects you from negative energy.
Wands
 c - a wand of mindburst (34)
 j - a wand of polymorph (29)
 k - a wand of flame (77)
 r - a wand of paralysis (22)
 v - a wand of acid (3)
 F - a wand of iceblast (12)
 N - a wand of charming (26)
Scrolls
 b - 2 scrolls of holy word
 m - 8 scrolls of teleportation
 o - 4 scrolls of fear
 p - 2 scrolls of blinking
 u - 6 scrolls of enchant weapon
 w - 3 scrolls of immolation
 H - 3 scrolls of brand weapon
 M - a scroll of silence
 R - a scroll of magic mapping
Potions
 e - 8 potions of ambrosia
 f - 3 potions of mutation
 g - a potion of berserk rage
 h - 3 potions of might
 i - 5 potions of heal wounds
 l - a potion of resistance
 q - a potion of curing
 x - a potion of flight
 A - 2 potions of haste
 B - 2 potions of invisibility
 Q - a potion of cancellation {unknown}


   Skills:
 + Level 16.8 Fighting
 * Level 15.9 Maces & Flails
 - Level 7.9 Polearms
 + Level 0.6 Throwing
 + Level 10.5 Dodging
 - Level 4.2 Stealth
 - Level 4.0 Shields
 + Level 1.5 Evocations


You had 14 spell levels left.
You didn't know any spells.
Your spell library was empty.

Dungeon Overview and Level Annotations

Branches:
Dungeon (9/15)             Temple (0/1) D:4            Lair (6/6) D:9
 Shoals (0/4) Lair:3        Snake (1/4) Lair:4        Slime (0/5) Lair:5
  Sewer (visited)         Gauntlet (visited)
    Orc: D:9-12

Altars:
Hepliaklqana
Makhleb
Ru
Wu Jian
Xom
Jiyva

Shops:
D:4 :   D:5 ::!(*   D:8 *


Innate Abilities, Weirdness & Mutations

You can spit globs of acid.
Your golden yellow scales are hard. (AC +9)
You cannot fit into any form of body armour.
You have acidic saliva.
You are cold-blooded and may be slowed by cold attacks.
You are resistant to acid. (rCorr)


Message History

You feel sick.
The shock serpent bites you but does no damage.
Unknown command.
The naga warrior blocks your attack.
The naga warrior is heavily wounded.
You feel sick.
The naga warrior hits you but does no damage.
You block the shock serpent's attack. The naga closely misses you.
The naga constricts you.
Unknown command.
The naga warrior blocks your attack.
You tail-slap the naga warrior!
The naga warrior is heavily wounded.
You feel sick.
Unknown command.
You hit the naga warrior.
Your tail-slap misses the naga warrior.
Your bite misses the naga warrior.
The naga warrior is heavily wounded.
The naga warrior hits you but does no damage.
The shock serpent bites you. The shock serpent shocks you!
* * * LOW HITPOINT WARNING * * *
Unknown command.
You feel better. You block the shock serpent's attack.
The naga barely misses you. The naga constricts you.
You block the naga warrior's attack.
The shock serpent bites you but does no damage.
The naga hits you with a +0 glaive!!
* * * LOW HITPOINT WARNING * * *
The naga constricts you.
A salamander comes into view.
It is wielding a +0 halberd of protection.
You feel much better.
The naga looks more healthy.
You block the shock serpent's attack. The naga warrior spits poison at you.
The splash of poison hits you.
You are poisoned.
* * * LOW HITPOINT WARNING * * *
The naga hits you with a +0 glaive!!
* * * LOW HITPOINT WARNING * * *
x2 The naga constricts you.
The shock serpent misses you.
The naga warrior hits you with a +0 mace.
You die...

#. #.#.#.# ##.#####
...#.# #......#
#..#)#+### #......#
#..#)....# #
#......###..#))...#
##
#......'..N.#))...#
.#
#......####...#.....#
.###......#
#.)S#####!#
.......)..# #..@# #
#.######### ##NN# #.#
#..# #.# ##.# #.# #..
... #..# #.. #.. ##.
#...


You could see a naga warrior (catching breath), a salamander, a shock serpent
and a naga (strong).

Vanquished Creatures
  A dire elephant (Lair:5)
  A minotaur (Gauntlet)
  A boulder beetle (Lair:6)
  3 catoblepae (Lair:6)
  4 hydras
  An anaconda (Snake:1)
  2 two-headed ogres (D:9)
  19 death yaks
  A soul eater (Gauntlet)
  The ghost of Exaltedone87 the Cleaver, a novice DDFi of Makhleb (D:7)
  A salamander mystic (Snake:1)
  The ghost of kd29 the Grappler, a novice DrTm of Cheibriados (D:9)
  2 naga ritualists (Snake:1)
  A lindwurm (Lair:4)
  2 mana vipers (Snake:1)
  3 oklob plants (Lair:3)
  4 centaur zombies
  9 black mambas
  23 elephants
  2 manticores (Lair:6)
  3 salamanders (Snake:1)
  4 naga magi (Snake:1)
  A merfolk siren (Lair:3)
  Maurice (D:9)
  16 cane toads
  A gargoyle (D:7)
  Maggie (D:9)
  A torpor snail (Lair:5)
  A smoke demon (Gauntlet)
  7 komodo dragons
  A rime drake (Lair:4)
  A queen bee (Lair:6)
  3 meliai (Lair:6)
  A hornet (D:9)
  A tyrant leech (Gauntlet)
  2 polar bears
  Prince Ribbit (D:6)
  25 blink frogs
  A slime creature (Lair:5)
  Sigmund (D:3)
  The ghost of scisormetimb3rs the Gusty, an amateur TeAE (D:4)
  A vampire (D:7)
  4 spriggans
  5 wyverns
  57 yaks
  2 basilisks
  A fire elemental (Lair:4)
  2 steam dragons (D:7)
  Menkaure (D:7)
  4 swamp worms (Gauntlet)
  7 nagas (Snake:1)
  16 water moccasins
  Edmund (D:6)
  An ice beast (D:6)
  2 orc warriors
  A black bear (Lair:1)
  A necrophage (D:7)
  2 ogres (D:6)
  2 centaurs
  7 kobold brigands (Sewer)
  8 bullfrogs
  A scorpion (D:6)
  A wyvern zombie (D:7)
  A water moccasin skeleton (D:6)
  11 wights
  28 killer bees
  6 electric eels
  A howler monkey (D:5)
  A spectral centaur (D:7)
  2 crimson imps (Gauntlet)
  3 quasits (D:4)
  A jelly (D:6)
  6 hounds
  5 orc priests
  Ijyb (D:3)
  Natasha (thrice) (D:3)
  Terence (D:3)
  3 orc wizards
  6 iguanas
  5 hell rats (Lair:3)
  A centaur simulacrum (D:7)
  2 howler monkey zombies
  4 gnolls (D:7)
  14 adders
  3 river rats (Sewer)
  5 shadow imps
  3 white imps
  2 ufetubi
  An adder zombie (D:5)
  3 worms
  6 dart slugs
  35 orcs
  3 bats
  9 endoplasms
  3 giant cockroaches
  7 goblins
  12 hobgoblins
  4 jackals (D:5)
  3 quokkas
  14 ball pythons
  2 frilled lizards
  7 kobolds
  8 rats
  A fungus (Lair:5)
519 creatures vanquished.

Vanquished Creatures (others)
  4 demonic plants (Gauntlet)
  27 fungi
  91 plants
122 creatures vanquished.

Grand Total: 641 creatures vanquished

Notes
Turn   | Place    | Note
-------+----------+-------------------------------------------
     0 | D:1      | mhtbhm the Draconian Berserker began the quest for the Orb.
     0 | D:1      | Reached XP level 1. HP: 19/19 MP: 1/1
   207 | D:1      | Reached XP level 2. HP: 26/26 MP: 2/2
   863 | D:2      | Reached XP level 3. HP: 26/33 MP: 3/3
  1371 | D:3      | Reached XP level 4. HP: 40/40 MP: 4/4
  1376 | D:3      | Reached ** piety under Trog
  1377 | D:3      | Reached skill level 4 in Fighting
  1419 | D:3      | Found a transporter.
  1423 | D:3      | Found a transporter.
  1473 | D:3      | Noticed Terence
  1479 | D:3      | Killed Terence
  1498 | D:3      | Found a faded altar of an unknown god.
  1508 | D:3      | Reached skill level 12 in Fighting
  1508 | D:3      | Reached XP level 5. HP: 11/63 MP: 5/5
  1928 | D:3      | Noticed Natasha
  1950 | D:3      | Killed Natasha
  2244 | D:3      | Noticed Sigmund
  2261 | D:3      | Killed Sigmund
  2262 | D:3      | Reached XP level 6. HP: 71/71 MP: 6/6
  2449 | D:3      | Noticed Natasha
  2462 | D:3      | Killed Natasha
  2850 | D:3      | Noticed Ijyb
  2865 | D:3      | Killed Ijyb
  2916 | D:3      | Noticed Natasha
  2935 | D:3      | Killed Natasha
  2936 | D:3      | Reached skill level 1 in Stealth
  3527 | D:3      | Your scales start taking on a golden yellow colour.
  3527 | D:3      | Reached XP level 7. HP: 57/78 MP: 7/7
  3527 | D:3      | Gained mutation: You are resistant to acid. (rCorr) [Yellow
                  | Draconian growth]
  3901 | D:4      | Reached *** piety under Trog
  3996 | D:4      | Reached skill level 5 in Polearms
  4447 | D:4      | Found Jeifuyck's Book Shop.
  4591 | D:4      | Found a transporter.
  4772 | D:4      | Found a staircase to the Ecumenical Temple.
  5136 | D:4      | Noticed scisormetimb3rs's ghost (amateur TeAE)
  5158 | D:4      | Killed scisormetimb3rs's ghost
  5159 | D:4      | Reached XP level 8. HP: 85/85 MP: 8/8
  5199 | D:4      | Found a transporter.
  5279 | D:5      | Entered Level 5 of the Dungeon
  5282 | D:5      | Found Eshid's Assorted Antiques.
  5299 | D:5      | Found Issassif's Book Boutique.
  5408 | D:5      | Found Nam Hir's Distillery.
  5409 | D:5      | Found Risad's Weapon Boutique.
  5409 | D:5      | Found Issej's Book Boutique.
  5418 | D:5      | Bought a potion of heal wounds for 70 gold pieces
  5418 | D:5      | Bought a potion of might for 56 gold pieces
  5544 | D:5      | Reached skill level 13 in Fighting
  5894 | D:5      | Found a shimmering altar of Xom.
  6117 | D:5      | Found an ornate altar of the Wu Jian Council.
  6777 | D:5      | Found a burning altar of Makhleb.
  6823 | D:6      | Reached **** piety under Trog
  6823 | D:6      | Noticed Edmund
  6824 | D:6      | Reached XP level 9. HP: 93/93 MP: 9/9
  6827 | D:6      | Killed Edmund
  6863 | D:6      | Found a glowing drain.
  6886 | Sewer    | Entered a sewer
  7821 | Sewer    | Reached skill level 5 in Dodging
  8969 | D:6      | Identified the +8 whip of Okawaru {speed, Int+3}
  9005 | D:6      | Noticed Prince Ribbit
  9015 | D:6      | Killed Prince Ribbit
  9059 | D:6      | Reached skill level 1 in Maces & Flails
  9059 | D:6      | Reached XP level 10. HP: 95/101 MP: 10/10
  9176 | D:7      | Noticed Menkaure
  9182 | D:7      | Killed Menkaure
  9198 | D:7      | Found a transporter.
  9200 | D:7      | Noticed Exaltedone87's ghost (novice DDFi)
  9238 | D:7      | Reached ***** piety under Trog
  9800 | D:7      | Noticed a gargoyle
  9804 | D:7      | Found a faded altar of an unknown god.
  9815 | D:7      | Killed a gargoyle
  9816 | D:7      | Found a hazy altar of Hepliaklqana.
 10057 | D:7      | Identified the +4 leather armour "Koewer" {Fly rC- rCorr}
 10174 | D:7      | Found a transporter.
 10319 | D:7      | Reached skill level 1 in Shields
 10554 | D:7      | Killed Exaltedone87's ghost
 10555 | D:7      | Reached skill level 5 in Maces & Flails
 10882 | D:8      | Found Ufeho's Assorted Antiques.
 11019 | D:8      | Bought a scroll of identify for 56 gold pieces
 11279 | D:8      | Received a gift from Trog
 11964 | D:9      | Found a runed translucent door.
 11980 | D:9      | Noticed a two-headed ogre
 11981 | D:9      | Noticed kd29's ghost (novice DrTm)
 11982 | D:9      | Noticed a two-headed ogre
 11990 | D:9      | Killed a two-headed ogre
 11991 | D:9      | Reached XP level 11. HP: 74/108 MP: 11/11
 11993 | D:9      | Killed a two-headed ogre
 12040 | D:9      | Noticed Maurice
 12176 | D:9      | Found a flagged portal.
 12194 | D:9      | Noticed Maggie
 12206 | D:9      | Killed Maggie
 12419 | D:9      | Killed Maurice
 12851 | D:9      | Found a staircase to the Lair.
 12909 | D:9      | Found a sacrificial altar of Ru.
 13004 | D:9      | Killed kd29's ghost
 13205 | Lair:1   | Entered Level 1 of the Lair of Beasts
 13212 | Lair:1   | Reached skill level 14 in Fighting
 13216 | Lair:1   | You fall into a shaft and drop 1 floor!
 13336 | Lair:1   | Found a gate leading to a gauntlet.
 13346 | Gauntlet | Entered a Gauntlet
 13346 | Gauntlet | Found a transporter.
 13346 | Gauntlet | Found a transporter.
 13346 | Gauntlet | Found a transporter.
 13346 | Gauntlet | Noticed a soul eater
 13443 | Gauntlet | Found a transporter.
 13446 | Gauntlet | Found a transporter.
 13454 | Gauntlet | Found a transporter.
 13457 | Gauntlet | Found a transporter.
 13470 | Gauntlet | Found a transporter.
 13480 | Gauntlet | Noticed a ghost crab
 13484 | Gauntlet | Found a transporter.
 13502 | Gauntlet | Found a transporter.
 13505 | Gauntlet | Found a transporter.
 13513 | Gauntlet | Noticed a catoblepas
 13515 | Gauntlet | Found a transporter.
 13590 | Gauntlet | Killed a soul eater
 13658 | Gauntlet | Identified the ring of Vehumet's Inspiration {rPois EV+4
                  | Str-3 Stlth+}
 13769 | Gauntlet | Identified the +0 pair of gloves of Qaex {rCorr}
 13937 | Gauntlet | Noticed a minotaur
 13952 | Gauntlet | Killed a minotaur
 14645 | Lair:1   | Reached skill level 10 in Maces & Flails
 14645 | Lair:1   | Reached XP level 12. HP: 82/117 MP: 12/12
 14987 | Lair:1   | Noticed a four-headed hydra
 15001 | Lair:1   | Killed a four-headed hydra
 15991 | Lair:2   | Noticed a six-headed hydra
 16000 | Lair:2   | Killed a six-headed hydra
 16636 | Lair:2   | You fall into a shaft and drop 1 floor!
 16762 | Lair:3   | Found a staircase to the Shoals.
 17479 | Lair:4   | Found a staircase to the Snake Pit.
 17635 | Lair:4   | Noticed a death yak
 17648 | Lair:4   | Killed a death yak
 17648 | Lair:4   | Reached ****** piety under Trog
 17880 | Lair:4   | Noticed a death yak
 17896 | Lair:4   | Killed a death yak
 17905 | Lair:4   | Reached XP level 13. HP: 107/125 MP: 13/13
 18026 | Lair:4   | Received a gift from Trog
 18043 | Lair:4   | Reached skill level 15 in Fighting
 19301 | Lair:5   | Found a runed translucent door.
 19302 | Lair:5   | Found a viscous altar of Jiyva.
 19305 | Lair:5   | Found a staircase to the Slime Pits.
 19568 | Lair:5   | Received a gift from Trog
 20028 | Lair:5   | Noticed a dire elephant
 20046 | Lair:5   | Killed a dire elephant
 20343 | Lair:6   | Entered Level 6 of the Lair of Beasts
 20347 | Lair:6   | Gained mutation: You have acidic saliva. [Yellow Draconian
                  | growth]
 20347 | Lair:6   | Reached XP level 14. HP: 136/136 MP: 14/14
 21197 | Lair:6   | Reached skill level 16 in Fighting
 21300 | Lair:6   | Reached skill level 15 in Maces & Flails
 21301 | Lair:6   | Received a gift from Trog
 22134 | Lair:6   | Reached skill level 1 in Evocations
 22308 | Lair:6   | Reached skill level 10 in Dodging
 22915 | Lair:6   | Identified the ring of Gijy {rN+ Str+2 Dex+6}
 23349 | Snake:1  | Entered Level 1 of the Snake Pit
 24085 | Snake:1  | Reached XP level 15. HP: 146/146 MP: 15/15
 24111 | Snake:1  | Received a gift from Trog
 24153 | Snake:1  | HP: 5/146 [naga (3)]
 24153 | Snake:1  | Slain by a naga warrior

Illustrated notes

Levels and vault maps discovered:
D:1:      wander_arrival_fairy_ring, layout_basic
D:2:      layout_rooms
D:3:      gammafunk_steamed_eel, layout_basic,
          ebering_ecumenical_altar_sacrificial, uniq_natasha, uniq_ijyb,
          uniq_terence, uniq_sigmund
D:4:      layout_basic, mainiacjoe_overflow_alcove_2, temple_doors_e,
          serial_shops, shop, gammafunk_ghost_stat_death,
          minmay_misc_feat_doors, minmay_bent
D:5:      layout_basic, mainiacjoe_overflow_cross_hatched,
          lemuel_coloured_pillars_altar, mainiacjoe_overflow_chevrons,
          serial_shops, shop, minmay_shop_grid_forest, minmay_fractal_squares_5
D:6:      layout_loops_ring, gup_sewer_entry_glass, uniq_prince_ribbit1,
          uniq_edmund
D:7:      layout_loops_ring, beargit_hepliaklqana_dungeon_heroes,
          gammafunk_ghost_mausoleum, serial_bayou_pond_a,
          kennysheep_generic_room_8, uniq_menkaure
D:8:      layout_rooms, serial_shops, shop, nicolae_zen_rock_garden
D:9:      layout_rooms, nicolae_ru_great_annihilating_truth, lair_entry_dummy,
          enter_bailey_2, gammafunk_ghost_grave, uniq_maggie, uniq_maurice
Lair:1:   layout_chaotic_city, gauntlet_entry_generic, serial_bayou_pond_a
Lair:2:   layout_roguey
Lair:3:   layout_chaotic_city, minmay_shoals_entry_lonely_mermaid,
          minmay_lair_oklob_chamber
Lair:4:   beast_lair_carwin_large_4, layout_gridlike, dummy_snake_entry,
          serial_bayou_shore_a, serial_bayou_shore_b, grunt_megastairs_3
Lair:5:   mu_elephants_graveyard, layout_regular_city, slime_altar_2, pond
Lair:6:   evilmike_catoblepas_cave, layout_layer_cave, special_room
          [special_room_bee], wad_woods_02
Snake:1:  layout_basic, grunt_ministairs_6, grunt_megastairs_4

Skill      XL: |  1  2  3  4  5  6  7  8  9 10 11 12 13 14 |
---------------+-------------------------------------------+-----
Dodging        | 3 4 5 6 7 8 10 | 10.5
Fighting       | 12 13 14 15 16 | 16.8
Polearms       | 4 5 6 7 |  7.9
Stealth        | 1 2 3 4 |  4.2
Maces & Flails | 1 7 10 12 14 15 | 15.9
Shields        | 1 2 4 |  4.0
Evocations     | 1 |  1.5
Throwing       | |  0.6

Action                   |  1- 3 |  4- 6 |  7- 9 | 10-12 | 13-15 || total
-------------------------+-------+-------+-------+-------+-------++-------
Melee: Spear             |   110 |   160 |   192 |       |       ||   462
       Tailslap          |    11 |    16 |    67 |   133 |   224 ||   451
       Trident           |       |       |   274 |       |       ||   274
       Whip              |       |       |    15 |   648 |   930 ||  1593
       Bite              |       |       |       |       |    92 ||    92
Throw: Dart              |       |       |       |     5 |     6 ||    11
Invok: Berserk           |     3 |     6 |    10 |    17 |    10 ||    46
       Trog's Hand       |       |       |       |     1 |       ||     1
 Abil: Breathe Acid      |       |       |     2 |     3 |     3 ||     8
Evoke: Wand              |       |     1 |     3 |       |     7 ||    11
  Use: Scroll            |     1 |     4 |     7 |    14 |     2 ||    28
       Potion            |     1 |     2 |       |     1 |     3 ||     7
 Stab: Sleeping          |       |     3 |    13 |     8 |     8 ||    32
       Invisible         |       |       |       |     1 |       ||     1
       Paralysed         |       |       |       |     1 |       ||     1
       Distracted        |       |       |       |       |     2 ||     2
Armor: Skin              |    26 |    23 |   127 |    87 |   149 ||   412
Dodge: Dodged            |    49 |    79 |   252 |   229 |   256 ||   865
Block: Buckler           |       |       |     4 |    82 |   177 ||   263
       Reflection        |       |       |       |       |     3 ||     3
